 Dungeon Crawl Stone Soup version 0.30.1-3-gfc49f6343a (webtiles) character file.

Game seed: 16407332811136767023

119 KyoPewz the Cudgeller (level 5, -4/50 HPs)
             Began as an Ogre Gladiator on July 31, 2023.
             Killed from afar by Sigmund (10 damage)
             ... with a magic dart
             ... on level 3 of the Dungeon.
             The game lasted 00:03:16 (2406 turns).

KyoPewz the Cudgeller (Ogre Gladiator)              Turns: 2406, Time: 00:03:17

Health: -4/50      AC:  3    Str: 20    XL:     5   Next: 3%
Magic:  5/5        EV: 10    Int:  9    God:
Gold:   103        SH:  0    Dex: 10    Spells: 4/4 levels left

rFire   . . .        a - +0 flail
rCold   . . .        (no shield)
rNeg    . . .        b - +0 robe
rPois   .            c - +0 hat
rElec   .            (no cloak)
rCorr   .            (gloves unavailable)
SInv    .            (boots unavailable)
Will    .....        (no amulet)
Stlth   +            (no ring)
HPRegen 0.28/turn    (no ring)
MPRegen 0.09/turn

%: no passive effects
@: no status effects
A: large, unfitting armour, tough skin 1
a: no special abilities


You were on level 3 of the Dungeon.
You visited 1 branch of the dungeon, and saw 3 of its levels.

You collected 103 gold pieces.

Inventory:

Hand Weapons
 a - a +0 flail (weapon)
Missiles
 d - 3 throwing nets (quivered)
 k - 18 stones
 q - 4 poisoned darts
Armour
 b - a +0 robe (worn)
 c - a +0 hat (worn)
Magical Staves
 p - a staff of death
Wands
 r - a wand of flame (15)
Scrolls
 g - 2 scrolls of enchant weapon {unknown}
 h - a scroll of identify {unknown}
 i - a scroll of vulnerability {unknown}
 l - a scroll of teleportation {unknown}
 m - a scroll of magic mapping {unknown}
 o - 3 scrolls of noise {unknown}
 s - a scroll of amnesia {unknown}
Potions
 f - a potion of invisibility {unknown}
 j - 3 potions of curing {unknown}
 n - a potion of magic {unknown}
 t - a potion of haste {unknown}


   Skills:
 - Level 2.6 Fighting
 + Level 4.0 Maces & Flails
 + Level 3.8 Throwing
 - Level 2.6 Dodging


You had 4 spell levels left.
You didn't know any spells.
Your spell library contained the following spells:

 Spells                   Type           Power      Damage    Failure   Level
 Slow                     Hex            0%         N/A       38%         1
 Lesser Beckoning         Tloc           0%         N/A       52%         2
 Confusing Touch          Hex            0%         N/A       77%         3
 Dazzling Flash           Conj/Hex       0%         N/A       77%         3
 Gell's Gravitas          Tloc           0%         N/A       77%         3
 Teleport Other           Tloc           0%         N/A       77%         3
 Vampiric Draining        Necr           0%         2d6       77%         3
 Volatile Blastmotes      Fire/Tloc      0%         2d10      77%         3
 Iskenderun's Mystic Bla  Conj/Tloc      0%         2d3       99%         4
 Dispersal                Tloc           0%         N/A       100%        6
 Starburst                Conj/Fire      0%         6d3       100%        6


Dungeon Overview and Level Annotations

Branches:
Dungeon (3/15)

Altars:

Annotations:
D:3 Sigmund


Innate Abilities, Weirdness & Mutations

You are too large for most types of armour.
You have tough skin. (AC +1)


Message History

Aim: Sigmund, wielding a +0 scythe and wearing a +0 robe (moderately wounded, 53% to hit)
You throw a large rock.
The large rock completely misses Sigmund.
Sigmund mumbles some strange words.
Sigmund flickers and vanishes!
Deactivating autopickup; reactivate with Ctrl-A.
The kobold throws a stone.
The stone closely misses you.
Aiming: Throw Flame
Press: ? - help, Shift-Dir - straight line Something hits you but does no damage.
The kobold throws a stone.
The stone hits you but does no damage.
Aiming: Throw Flame
Press: ? - help, Shift-Dir - straight line Something hits you!
You take 9 damage, and have 34/50 hp.
Aiming: Throw Flame
Press: ? - help, Shift-Dir - straight line Something hits you.
You take 4 damage, and have 30/50 hp.
Something hits you!
You take 8 damage, and have 22/50 hp.
You closely miss something. You miss something.
You hear some strange, mumbled words.
A magic dart appears from out of thin air!
The magic dart hits you.
You hear some strange, mumbled words.
A magic dart appears from out of thin air!
The magic dart hits you.
* * * LOW HITPOINT WARNING * * *
You take 10 damage, and have 12/50 hp.
You closely miss something. Something hits you!
* * * LOW HITPOINT WARNING * * *
You take 6 damage, and have 6/50 hp.
You sock something! You hit something. You punch something.
You hear some strange, mumbled words.
A magic dart appears from out of thin air!
The magic dart hits you!
You die...

#.#
###.###
#+#
#.....#
##.....# #
......#
#.#.....#
##.#....(#
+.......#
# #..{##
##.#@##
###.#.##
#....###.#
#+#
#####.#.##
#.# #.##
####.###
#.#
.......#
#.#
.##....#
#.#
.#.....#
#.#


There were no monsters in sight!

Vanquished Creatures
  Jessica (D:2)
  Terence (D:2)
  An adder (D:2)
  A worm (D:2)
  8 endoplasms
  A giant cockroach (D:1)
  7 goblins
  6 hobgoblins
  3 quokkas
  5 ball pythons
  7 bats
  7 frilled lizards
  4 kobolds (D:1)
  4 rats (D:1)
56 creatures vanquished.

Notes
Turn   | Place    | Note
-------+----------+-------------------------------------------
     0 | D:1      | KyoPewz the Ogre Gladiator began the quest for the Orb.
     0 | D:1      | Reached XP level 1. HP: 22/22 MP: 1/1
   158 | D:1      | Reached XP level 2. HP: 29/29 MP: 2/2
   166 | D:1      | Reached skill level 3 in Maces & Flails
   685 | D:1      | Reached XP level 3. HP: 11/36 MP: 3/3
  1338 | D:2      | Noticed Jessica
  1345 | D:2      | Killed Jessica
  1346 | D:2      | Reached XP level 4. HP: 39/44 MP: 4/4
  1397 | D:2      | Found a faded altar of an unknown god.
  1818 | D:2      | Noticed Terence
  1829 | D:2      | Killed Terence
  1830 | D:2      | Reached skill level 4 in Maces & Flails
  1955 | D:2      | Reached XP level 5. HP: 44/50 MP: 5/5
  2393 | D:3      | Noticed Sigmund
  2406 | D:3      | Killed from afar by Sigmund

Illustrated notes

Levels and vault maps discovered:
D:1:      reono_arrival_mine, layout_basic
D:2:      layout_loops_corners, shapermc_ecumenical_altar_totnotflames,
          nrook_campfire, uniq_jessica, uniq_terence
D:3:      layout_loops_corners, gammafunk_temple_overflow_arena, uniq_grinder,
          uniq_sigmund, uniq_robin

Skill      XL: |  1  2  3  4 |
---------------+-------------+-----
Maces & Flails | 3 4 |  4.0
Throwing       | 3 |  3.8
Fighting       | |  2.6
Dodging        | |  2.6

Action                     |  1- 3 |  4- 6 || total
---------------------------+-------+-------++-------
  Melee: Flail             |   143 |    58 ||   201
         Punch             |       |     3 ||     3
  Throw: Large rock        |       |     3 ||     3
  Evoke: Wand              |       |     3 ||     3
   Stab: Sleeping          |       |     1 ||     1
 Armour: Robe              |    54 |    17 ||    71
  Dodge: Dodged            |    79 |    30 ||   109
